 Dungeon Sprint DCSS version 0.28-a0-863-g8cecda6153 (webtiles) character file.

Game seed: 3834355542744170978

394 Turgor the Cleaver (level 6, -2/102 HPs)
             Began as a Troll Berserker on Nov 16, 2021.
             Was a Priest of Trog.
             Slain by a gnoll sergeant (5 damage)
             ... in the Dungeon (Sprint IX: "|||||||||||||||||||||||||||||").
             The game lasted 00:02:07 (128 turns).

Turgor the Cleaver (Troll Berserker)                 Turns: 128, Time: 00:02:07

Health: -2/102     AC:  2    Str: 24    XL:     6   Next: 51%
Magic:  5/5        EV: 13    Int:  4    God:    Trog [***...]
Gold:   0          SH:  0    Dex: 10    Spells: 5/5 levels left

rFire   . . .      SeeInvis .   k - +3 war axe of Conversion {speed, rPois rN+ Str-2}
rCold   . . .      Faith    .   (no shield)
rNeg    + . .      Spirit   .   b - +0 animal skin
rPois   +          Reflect  .   (helmet restricted)
rElec   .          Harm     .   (no cloak)
rCorr   .          Rampage  .   (gloves unavailable)
Will    ++...      NoTele   +   (boots unavailable)
Stlth   ..........              (no amulet)
HPRegen 2.27/turn               l - +2 ring of protection
MPRegen 0.09/turn               m - +2 ring of evasion

@: berserking, strong-willed, corroded, regenerating, very quick
A: large, unfitting armour, claws 3, regeneration 1, shaggy fur 1, tough skin 1
a: Renounce Religion, Berserk, Trog's Hand


You were in the Dungeon.
You worshipped Trog.
Trog was most pleased with you.
You visited 1 branch

Inventory:

Hand Weapons
 a - a +0 hand axe
 k - the +3 war axe of Conversion (weapon) {speed, rPois rN+ Str-2}
   (You found it in the Dungeon)

   Attacks with this weapon are significantly faster.
   Str:       It affects your strength (-2).
   rPois:     It protects you from poison.
   rN:        It protects you from negative energy.
Armour
 b - a +0 animal skin (worn)
Jewellery
 l - a +2 ring of protection (left claw)
 m - a +2 ring of evasion (right claw)
Wands
 j - a wand of acid (10)
Scrolls
 h - 2 scrolls of blinking
Potions
 c - 5 potions of curing
 d - 3 potions of heal wounds
 e - a potion of haste
 f - 4 potions of magic
 g - a potion of berserk rage
 i - a potion of invisibility


   Skills:
 + Level 6.4 Fighting
 * Level 8.8 Axes
 + Level 6.4 Dodging


You had 5 spell levels left.
You didn't know any spells.
Your spell library was empty.

Dungeon Overview and Level Annotations

Branches:
Dungeon (1/1)

Altars:
Cheibriados
Dithmenos
Elyvilon
Fedhas
Gozag
Hepliaklqana
Kikubaaqudgha
Makhleb
Nemelex Xobeh
Okawaru
Qazlal
Ru
Sif Muna
Trog
Uskayaw
Vehumet
Wu Jian
Xom
Yredelemnul
Zin
The Shining One
Beogh
Jiyva
Lugonu


Innate Abilities, Weirdness & Mutations

You are too large for most types of armour.
You have claws for hands.
Your natural rate of healing is unusually fast.
You are covered in fur. (AC +1)
You have tough skin. (AC +1)


Message History

The acid dragon is almost dead.
The gnoll sergeant hits you but does no damage.
The acid dragon spits acid at you. The splash of acid hits you!
The acid corrodes you!
You closely miss the acid dragon.
The acid dragon is almost dead.
The gnoll sergeant hits you from afar with a +4 spear of freezing!
The gnoll sergeant freezes you. The acid dragon bites you!
The acid dragon claws you.
* * * LOW HITPOINT WARNING * * *
The shadow slips into darkness.
The shadow flickers and vanishes!
Deactivating autopickup; reactivate with Ctrl-A.
Your skin crawls.
You feel strong-willed.
The gnoll sergeant hits you from afar with a +4 spear of freezing.
* * * LOW HITPOINT WARNING * * *
The gnoll sergeant freezes you.
* * * LOW HITPOINT WARNING * * *
The acid dragon bites you.
* * * LOW HITPOINT WARNING * * *
The acid dragon claws you.
* * * LOW HITPOINT WARNING * * *
A red film seems to cover your vision as you go berserk!
You feel yourself moving faster!
You feel mighty!
The gnoll sergeant hits you from afar with a +4 spear of freezing.
* * * LOW HITPOINT WARNING * * *
The gnoll sergeant freezes you.
* * * LOW HITPOINT WARNING * * *
The acid dragon bites you.
* * * LOW HITPOINT WARNING * * *
The acid dragon claws you.
* * * LOW HITPOINT WARNING * * *
You hit the acid dragon but do no damage.
The acid dragon is almost dead.
You slice the acid dragon!!
You kill the acid dragon!
Trog accepts your kill.
The gnoll sergeant hits you from afar with a +4 spear of freezing.
You die...

▓.▓
▓?▓
▓)▓
▓.▓
▓[▓
▓[▓
▓[▓
▓.▓
▓@▓
▓†▓
▓g▓
▓o▓
▓{▓
▓g▓
▓y▓
▓.▓


You could see an orc warrior, a vampire mosquito and 2 gnoll sergeants.

Vanquished Creatures
  An acid dragon (D)
  2 black bears (D)
  A necrophage (D)
  A phantom (D)
  A scorpion (D)
  An endoplasm (D)
  A hobgoblin (D)
  A jackal (D)
  A bat (D)
  A kobold (D)
11 creatures vanquished.

Notes
Turn   | Place    | Note
-------+----------+-------------------------------------------
     0 | D        | Turgor the Troll Berserker began the quest for the Orb.
     0 | D        | Reached XP level 1. HP: 22/22 MP: 0/0
    11 | D        | Banished a spatial maelstrom
    14 | D        | Reached ** piety under Trog
    15 | D        | Reached skill level 3 in Axes
    30 | D        | Noticed a phantom
    30 | D        | Noticed a scorpion
    30 | D        | Noticed a necrophage
    30 | D        | Noticed a black bear
    30 | D        | Noticed a black bear
    34 | D        | Killed a phantom
    35 | D        | Reached skill level 5 in Axes
    35 | D        | Reached XP level 2. HP: 32/32 MP: 1/1
    35 | D        | Reached XP level 3. HP: 39/39 MP: 2/2
    35 | D        | Reached XP level 4. HP: 48/48 MP: 3/3
    37 | D        | Killed a scorpion
    37 | D        | Reached *** piety under Trog
    38 | D        | Reached skill level 6 in Axes
    38 | D        | Reached XP level 5. HP: 55/55 MP: 4/4
    43 | D        | Killed a necrophage
    44 | D        | Reached skill level 5 in Fighting
    44 | D        | Reached skill level 7 in Axes
    44 | D        | Reached skill level 5 in Dodging
    47 | D        | Killed a black bear
    48 | D        | Reached skill level 8 in Axes
    48 | D        | Reached XP level 6. HP: 67/67 MP: 5/5
    71 | D        | Found a snail-covered altar of Cheibriados.
    71 | D        | Found a shadowy altar of Dithmenos.
    71 | D        | Found a white marble altar of Elyvilon.
    71 | D        | Found a blossoming altar of Fedhas.
    71 | D        | Found an opulent altar of Gozag.
    72 | D        | Found a hazy altar of Hepliaklqana.
    73 | D        | Found a viscous altar of Jiyva.
    74 | D        | Found an ancient bone altar of Kikubaaqudgha.
    75 | D        | Found a corrupted altar of Lugonu.
    76 | D        | Found a burning altar of Makhleb.
    77 | D        | Found a sparkling altar of Nemelex Xobeh.
    78 | D        | Found an iron altar of Okawaru.
    79 | D        | Found a stormy altar of Qazlal.
    80 | D        | Found a sacrificial altar of Ru.
    81 | D        | Found a shimmering blue altar of Sif Muna.
    82 | D        | Found a bloodstained altar of Trog.
    83 | D        | Found a hide-covered altar of Uskayaw.
    84 | D        | Found a radiant altar of Vehumet.
    85 | D        | Found an ornate altar of the Wu Jian Council.
    86 | D        | Found a shimmering altar of Xom.
    87 | D        | Found a basalt altar of Yredelemnul.
    88 | D        | Found a glowing silver altar of Zin.
    89 | D        | Found a glowing golden altar of the Shining One.
   105 | D        | Got the +3 war axe of Conversion {speed, rPois rN+ Str-2}
   117 | D        | Noticed an acid dragon
   117 | D        | Noticed an orc warrior
   117 | D        | Noticed a shadow
   117 | D        | Noticed a vampire mosquito
   126 | D        | HP: 1/102 [acid dragon (5)]
   128 | D        | Killed an acid dragon
   128 | D        | Slain by a gnoll sergeant

Illustrated notes

Levels and vault maps discovered:
D:        linesprint [early_d, line_temple, items_1, d_10, items_2, lair_1,
          lair_end, items_3, orc_1, orc_end, items_4, d_15, swamp_1, shoals_1,
          snake_1, spider_1, d_20, vaults_1, items_5, swamp_end, shoals_end,
          snake_end, spider_end, vaults_end, d_27, items_6, zot_1, zot_end,
          crypt_end, forest_end, elf_end, slime_end, tomb_end, abyss_end,
          pan_hell_end]

Skill      XL: |  1  2  3  4  5 |
---------------+----------------+-----
Axes           | 5 6 8 |  8.8
Fighting       | 4 6 |  6.4
Dodging        | 4 6 |  6.4

Action                   |  1- 3 |  4- 6 || total
-------------------------+-------+-------++-------
Melee: Hand axe          |    23 |    21 ||    44
       War axe           |       |     9 ||     9
Invok: Berserk           |     1 |     1 ||     2
       Trog's Hand       |       |     2 ||     2
Armor: Animal skin       |     7 |    12 ||    19
Dodge: Dodged            |    14 |    15 ||    29

Table legend: (Time is in decaauts)
 A = Elapsed time spent in this place.
 B = Non-inter-level travel time spent in this place.
 C = Inter-level travel time spent in this place.
 D = Time resting spent in this place.
 E = Time spent auto-exploring this place.
 F = Levels seen in this place.
 G = Mean time per level.
                   A        B        C        D        E       F      G
               +--------+--------+--------+--------+--------+-----+--------+
         Total |    129 |    129 |      0 |     12 |      0 |   1 |  129.0 |
       Dungeon |    129 |    129 |      0 |     12 |      0 |   1 |  129.0 |
               +--------+--------+--------+--------+--------+-----+--------+

Top non-repeatable levels by time:
       D: 129 daAuts
